 Dungeon Crawl Stone Soup version 0.23.2-1-ga50397a6bc (webtiles) character file.

Game seed: 10275634945756980317

42 Marnok the Skirmisher (level 3, 0/30 HPs)
             Began as a Demonspawn Abyssal Knight on Apr 21, 2019.
             Was a Follower of Lugonu.
             Slain by an adder (1 damage)
             ... on level 2 of the Dungeon.
             The game lasted 00:03:35 (1476 turns).

Marnok the Skirmisher (Demonspawn Abyssal Knight)   Turns: 1476, Time: 00:03:36

Health: 0/30       AC:  3    Str: 13    XL:     3   Next: 35%
Magic:  4/4        EV: 11    Int: 13    God:    Lugonu [*.....]
Gold:   49         SH:  0    Dex: 15    Spells: 2/2 levels left

rFire    . . .     SeeInvis .   a - +1 spear
rCold    . . .     Gourm    .   (no shield)
rNeg     . . .     Faith    .   b - +0 leather armour
rPois    .         Spirit   .   (no helmet)
rElec    .         Reflect  .   (no cloak)
rCorr    .         Harm     .   (no gloves)
MR       .....                  (no boots)
Stlth    ++........             (no amulet)
HPRegen  0.10/turn              j - +3 ring of dexterity
MPRegen  0.09/turn              (no ring)

@: lethally poisoned (0 -> -5)
A: claws 1, nightstalker 1
a: Depart the Abyss, Renounce Religion


You were on level 2 of the Dungeon.
You worshipped Lugonu.
Lugonu was aware of your devotion.
You were not hungry.

You visited 1 branch of the dungeon, and saw 2 of its levels.
You visited the Abyss 1 time.

You collected 49 gold pieces.

Inventory:

Hand Weapons
 a - a +1 spear (weapon)
Armour
 b - a +0 leather armour (worn)
Jewellery
 j - a +3 ring of dexterity (left claw)
Scrolls
 f - a scroll of magic mapping {unknown}
 g - a scroll of fog {unknown}
 h - a scroll of teleportation
 k - a scroll of noise {unknown}
Potions
 e - 2 potions of flight
Comestibles
 c - 2 rations


   Skills:
 + Level 3.8 Fighting
 + Level 2.1 Polearms
 + Level 1.9 Armour
 + Level 1.0 Dodging
 + Level 0.8 Stealth
 + Level 2.5 Invocations


You had 2 spell levels left.
You didn't know any spells.
Your spell library contained the following spells:

 Spells                   Type           Power        Failure   Level  Hunger
 Beastly Appendage        Tmut           #.....       36%         1    ##.....
 Sticks to Snakes         Tmut           #.......     52%         2    ###....
 Spider Form              Tmut/Pois      #.........   75%         3    ####...
 Ice Form                 Ice/Tmut       #.......     98%         4    #####..
 Blade Hands              Tmut           #.........   100%        5    ######.


Dungeon Overview and Level Annotations

Branches:
Dungeon (2/15)

Altars:


Innate Abilities, Weirdness & Mutations

You have sharp fingernails.
You are slightly more attuned to the shadows.


Message History

The worm bites you.
* * * LOW HITPOINT WARNING * * *
The adder bites you.
* * * LOW HITPOINT WARNING * * *
You barely miss the adder.
The adder is almost dead.
The adder closely misses you.
It was a potion of cancellation.
You feel magically purged. The adder bites you.
* * * LOW HITPOINT WARNING * * *
The adder bites you.
* * * LOW HITPOINT WARNING * * *
You are lethally poisoned!
The adder poisons you!
As you read the scroll labeled FYCONI MOCOCI, it crumbles to dust.
It is a scroll of identify.
h - a scroll of teleportation
* * * LOW HITPOINT WARNING * * *
You feel sick. The adder bites you.
You die...

#....
..............
....##
#.#####..#####
..... #.#
#.(..... #...#
#.######.#####
.###...#
#.......)#
.......#
#.######.#
.###...# #.#
#.#
......w#####.#
#.#
.......S@....#
#.#
######.#######
### ###


You could see a worm and an adder.

Vanquished Creatures
  An adder (D:2)
  An ooze (D:1)
  A dart slug (D:2)
  A leopard gecko (D:1)
  3 bats (D:2)
  A giant cockroach (D:1)
  4 goblins
  5 hobgoblins
  A ball python (D:1)
  2 frilled lizards
  4 kobolds
  2 rats
26 creatures vanquished.

Notes
Turn   | Place    | Note
-------+----------+-------------------------------------------
     0 | Abyss:1  | Marnok the Demonspawn Abyssal Knight began the quest for
                  | the Orb.
     0 | Abyss:1  | Reached XP level 1. HP: 18/18 MP: 2/2
    24 | Abyss:1  | Found a corrupted altar of Lugonu.
    28 | D:1      | Escaped the Abyss
   107 | D:1      | Gained mutation: You are slightly more attuned to the
                  | shadows. [demonic ancestry]
   107 | D:1      | Reached XP level 2. HP: 3/24 MP: 3/3
   432 | D:1      | Reached * piety under Lugonu
  1130 | D:2      | Reached skill level 1 in Dodging
  1146 | D:2      | Gained mutation: You have sharp fingernails. [demonic
                  | ancestry]
  1146 | D:2      | Reached XP level 3. HP: 9/30 MP: 4/4
  1476 | D:2      | HP: 1/30 [poisoned by an adder]
  1476 | D:2      | Slain by an adder

Skill      XL: |  1  2 |
---------------+-------+-----
Polearms       | 2 |  2.1
Dodging        | 1 |  1.0
Fighting       | |  3.8
Armour         | |  1.9
Stealth        | |  0.8
Invocations    | |  2.5

Action                   || total
-------------------------++-------
Melee: Spear             ||   110
Invok: Depart the Abyss  ||     1
  Use: Potion            ||     3
       Scroll            ||     1
 Stab: Sleeping          ||     7
  Eat: Chunk             ||     2
Armor: Leather armour    ||    26
Dodge: Dodged            ||    61
